A
VANCOUVER MOUNTIES @ READING RAILERS
05/29/2060
 
TOP OF THE 1ST
Vancouver Mounties batting - Pitching for Reading Railers : RHP Chase Booz
Pitching: RHP Chase Booz
Batting: RHB Darion Johnson 0-0: Swinging Strike
0-1: Fly out, F8 (Flyball, 8LD, EV 82.5 MPH)
Batting: RHB Adrian Jefferson 0-0: Ground out 6-3 (Groundball, 56, EV 88.1 MPH)
Batting: RHB Kyle Motyka 0-0: Foul Ball, location: 2F
0-1: Ground out 3-1 (Groundball, 34S, EV 91.9 MPH)
Top of the 1st over - 0 runs, 0 hits, 0 errors, 0 left on base; Vancouver 0 - Reading 0
BOTTOM OF THE 1ST
Reading Railers batting - Pitching for Vancouver Mounties : RHP Junior Barber
Pitching: RHP Junior Barber
Batting: LHB Ronnie Jensen 0-0: Ball
1-0: Ball
2-0: Foul Ball, location: 2F
2-1: Ball
3-1: Called Strike
3-2: Strikes out swinging
Batting: RHB Dominick Munn 0-0: Foul Ball, location: 2F
0-1: Ball
1-1: Ball
2-1: Ball
3-1: Called Strike
3-2: Base on Balls
Batting: LHB Nick Rankin 0-0: Called Strike
0-1: Foul Ball, location: 2F
0-2: Ball
1-2: Ground out 4-3 (Groundball, 34D, EV 104.4 MPH)
Dominick Munn to second
Batting: SHB Zeke Johnson 0-0: Called Strike
0-1: Ball
1-1: Called Strike
1-2: Strikes out swinging
Bottom of the 1st over - 0 runs, 0 hits, 0 errors, 1 left on base; Vancouver 0 - Reading 0
TOP OF THE 2ND
Vancouver Mounties batting - Pitching for Reading Railers : RHP Chase Booz
Batting: RHB Nathan Vendel 0-0: Ball
1-0: Called Strike
1-1: Ball
2-1: Fly out, F8 (Line Drive, 8LM, EV 96.9 MPH)
Batting: LHB Ajay Manvelishvili 0-0: Fly out, F8 (Line Drive, 8LM, EV 95.0 MPH)
Batting: SHB Brock Hutchins 0-0: Swinging Strike
0-1: Swinging Strike
0-2: Ball
1-2: Strikes out swinging
Top of the 2nd over - 0 runs, 0 hits, 0 errors, 0 left on base; Vancouver 0 - Reading 0
BOTTOM OF THE 2ND
Reading Railers batting - Pitching for Vancouver Mounties : RHP Junior Barber
Batting: LHB Shawn Shope 0-0: Ball
1-0: Ball
2-0: SINGLE (Line Drive, 8LS, EV 101.2 MPH)
Batting: RHB Nyles Quinones 0-0: Ball
1-0: Ball
2-0: SINGLE (Groundball, 56D, EV 108.8 MPH)
Shawn Shope to second
Batting: RHB Riley Callaghan 0-0: SINGLE (Groundball, 56D, EV 100.6 MPH)
Shawn Shope to third
Nyles Quinones to second
Batting: RHB Sebastian Robinson 0-0: Ball
1-0: Ball
2-0: Foul Ball, location: 2F
2-1: Foul Ball, location: 2F
2-2: Ball
3-2: Strikes out looking
Batting: RHB Levi Jewell 0-0: Swinging Strike
0-1: Called Strike
0-2: Strikes out looking
Batting: LHB Ronnie Jensen 0-0: Ball
1-0: Ball
2-0: Called Strike
2-1: Foul Ball, location: 2F
2-2: Ball
3-2: Fly out, F9 (Flyball, 89D, EV 91.2 MPH)
Bottom of the 2nd over - 0 runs, 3 hits, 0 errors, 3 left on base; Vancouver 0 - Reading 0
TOP OF THE 3RD
Vancouver Mounties batting - Pitching for Reading Railers : RHP Chase Booz
Batting: LHB Otis Tenorio 0-0: Ball
1-0: Called Strike
1-1: Called Strike
1-2: Ball
2-2: Reached on error, E4 (Groundball, 4MD, EV 80.6 MPH)
Batting: LHB Joey Carlson 0-0: Called Strike
0-1: Foul Ball, location: 2F
0-2: Strikes out swinging
Batting: RHB Brayan Wilford 0-0: Ball
1-0: Ball
2-0: Ball
3-0: Called Strike
3-1: Called Strike
3-2: Foul Ball, location: 2F
3-2: Base on Balls
Batting: RHB Darion Johnson 0-0: Ball
1-0: Swinging Strike
1-1: Ball
2-1: Ball
3-1: Foul Ball, location: 2F
3-2: Grounds into double play, 4-6-3 (Groundball, 4, EV 93.8 MPH)
Top of the 3rd over - 0 runs, 0 hits, 1 error, 1 left on base; Vancouver 0 - Reading 0
BOTTOM OF THE 3RD
Reading Railers batting - Pitching for Vancouver Mounties : RHP Junior Barber
Batting: RHB Dominick Munn 0-0: Ball
1-0: Called Strike
1-1: Ball
2-1: Foul Ball, location: 2F
2-2: Foul Ball, location: 2F
2-2: Ball
3-2: Foul Ball, location: 2F
3-2: Foul Ball, location: 2F
3-2: Foul Ball, location: 2F
3-2: Base on Balls
Batting: LHB Nick Rankin 0-0: Called Strike
0-1: Ball
1-1: Fly out, F8 (Flyball, 8LD, EV 98.8 MPH)
Batting: SHB Zeke Johnson 0-0: Ball
1-0: Swinging Strike
1-1: Foul Ball, location: 2F
1-2: Ball
2-2: Strikes out swinging
Batting: LHB Shawn Shope 0-0: Called Strike
0-1: Ball
Dominick Munn is caught stealing 2nd base 2-6
Bottom of the 3rd over - 0 runs, 0 hits, 0 errors, 0 left on base; Vancouver 0 - Reading 0
TOP OF THE 4TH
Vancouver Mounties batting - Pitching for Reading Railers : RHP Chase Booz
Batting: RHB Adrian Jefferson 0-0: Called Strike
0-1: Ball
1-1: Called Strike
1-2: Foul Ball, location: 2F
1-2: Strikes out swinging
Batting: RHB Kyle Motyka 0-0: Ball
1-0: Foul Ball, location: 2F
1-1: Ground out 1-3 (Groundball, 15S, EV 72.5 MPH)
Batting: RHB Nathan Vendel 0-0: Ball
1-0: Ball
2-0: Ground out 6-3 (Groundball, 6, EV 80.0 MPH)
Top of the 4th over - 0 runs, 0 hits, 0 errors, 0 left on base; Vancouver 0 - Reading 0
BOTTOM OF THE 4TH
Reading Railers batting - Pitching for Vancouver Mounties : RHP Junior Barber
Batting: LHB Shawn Shope 0-0: Ball
1-0: Called Strike
1-1: Swinging Strike
1-2: Ball
2-2: Strikes out swinging
Batting: RHB Nyles Quinones 0-0: Called Strike
0-1: Fly out, F9 (Line Drive, 9S, EV 90.6 MPH)
Batting: RHB Riley Callaghan 0-0: Called Strike
0-1: Ball
1-1: Foul Ball, location: 2F
1-2: Strikes out swinging
Bottom of the 4th over - 0 runs, 0 hits, 0 errors, 0 left on base; Vancouver 0 - Reading 0
TOP OF THE 5TH
Vancouver Mounties batting - Pitching for Reading Railers : RHP Chase Booz
Batting: LHB Ajay Manvelishvili 0-0: Ball
1-0: Ball
2-0: Ball
3-0: Called Strike
3-1: Foul Ball, location: 2F
3-2: Foul Ball, location: 2F
3-2: Base on Balls
Batting: SHB Brock Hutchins 0-0: Foul Ball, location: 2F
0-1: Ball
1-1: Sac Bunt to 23 - play at first, batter OUT! 3-4
Ajay Manvelishvili to second
Batting: LHB Otis Tenorio 0-0: Ground out 4-3 (Groundball, 4, EV 105.0 MPH)
Ajay Manvelishvili to third
Batting: LHB Joey Carlson 0-0: Ball
1-0: Ball
2-0: Ball
3-0: Called Strike
3-1: Base on Balls
Batting: RHB Brayan Wilford 0-0: Called Strike
0-1: Swinging Strike
0-2: Ball
1-2: Fly out, F8 (Flyball, 8LM, EV 85.0 MPH)
Top of the 5th over - 0 runs, 0 hits, 0 errors, 2 left on base; Vancouver 0 - Reading 0
BOTTOM OF THE 5TH
Reading Railers batting - Pitching for Vancouver Mounties : RHP Junior Barber
Batting: RHB Sebastian Robinson 0-0: Called Strike
0-1: Ball
1-1: Ball
2-1: Called Strike
2-2: Ball
3-2: Foul Ball, location: 2F
3-2: Base on Balls
Batting: RHB Levi Jewell 0-0: Bunt - Flyout to 23 - DP at third! 3-4
Batting: LHB Ronnie Jensen 0-0: Foul Ball, location: 2F
0-1: Foul Ball, location: 2F
0-2: Ball
1-2: Strikes out swinging
Bottom of the 5th over - 0 runs, 0 hits, 0 errors, 0 left on base; Vancouver 0 - Reading 0
TOP OF THE 6TH
Vancouver Mounties batting - Pitching for Reading Railers : RHP Chase Booz
Batting: RHB Darion Johnson 0-0: Ball
1-0: Ground out 6-3 (Groundball, 6, EV 96.2 MPH)
Batting: RHB Adrian Jefferson 0-0: Called Strike
0-1: Ball
1-1: Ball
2-1: Swinging Strike
2-2: Ball
3-2: Foul Ball, location: 2F
3-2: Base on Balls
Batting: RHB Kyle Motyka 0-0: Ball
Adrian Jefferson steals 2nd, throwing error, E2
Adrian Jefferson to third
1-0: Foul Ball, location: 2F
1-1: Called Strike
1-2: Ball
2-2: SINGLE (Groundball, 56D, EV 99.4 MPH)
Adrian Jefferson scores
Batting: RHB Nathan Vendel 0-0: Ball
1-0: Fly out, F4 (Popup, 4, EV 73.1 MPH)
Batting: LHB Ajay Manvelishvili 0-0: Ball
1-0: Ball
2-0: Swinging Strike
2-1: Foul Ball, location: 2F
2-2: Strikes out looking
Top of the 6th over - 1 run, 1 hit, 1 error, 1 left on base; Vancouver 1 - Reading 0
BOTTOM OF THE 6TH
Reading Railers batting - Pitching for Vancouver Mounties : RHP Junior Barber
Batting: RHB Dominick Munn 0-0: Ball
1-0: Ground out 6-3 (Groundball, 6, EV 83.8 MPH)
Batting: LHB Nick Rankin 0-0: Ball
1-0: Foul Ball, location: 2F
1-1: DOUBLE (Line Drive, 78XD, EV 100.6 MPH)
Pitching: RHP John Banks
Batting: SHB Zeke Johnson 0-0: Ball
1-0: Swinging Strike
1-1: Called Strike
1-2: Strikes out swinging
Batting: LHB Shawn Shope 0-0: Ball
1-0: Ball
2-0: Ball
3-0: Called Strike
3-1: Called Strike
3-2: Base on Balls
Batting: RHB Nyles Quinones 0-0: Ball
1-0: Ground out 1-3 (Groundball, P, EV 73.8 MPH)
Bottom of the 6th over - 0 runs, 1 hit, 0 errors, 2 left on base; Vancouver 1 - Reading 0
TOP OF THE 7TH
Vancouver Mounties batting - Pitching for Reading Railers : RHP Chase Booz
Batting: SHB Brock Hutchins 0-0: SINGLE (Line Drive, 7S, EV 99.4 MPH)
Batting: LHB Otis Tenorio 0-0: Bunted foul
0-1: Ball
1-1: Sac Bunt to 2R - play at first, batter OUT! 2-3
Brock Hutchins to second
Batting: LHB Joey Carlson 0-0: Intentional Walk
Batting: RHB Brayan Wilford 0-0: Called Strike
0-1: Foul Ball, location: 2F
0-2: Strikes out looking
Batting: RHB Darion Johnson 0-0: Ball
1-0: SINGLE (Flyball, 7S, EV 87.5 MPH)
Brock Hutchins to third
Joey Carlson to second
Runner from 3rd tries for Home, SAFE, throw by LF to home
Batting: RHB Adrian Jefferson 0-0: Ball
1-0: Ball
2-0: Ball
3-0: Called Strike
3-1: Base on Balls
Joey Carlson to third
Darion Johnson to second
Batting: RHB Kyle Motyka 0-0: Ball
1-0: Called Strike
1-1: Foul Ball, location: 2F
1-2: Strikes out swinging
Top of the 7th over - 1 run, 2 hits, 0 errors, 3 left on base; Vancouver 2 - Reading 0
BOTTOM OF THE 7TH
Reading Railers batting - Pitching for Vancouver Mounties : RHP John Banks
Batting: RHB Riley Callaghan 0-0: Ball
1-0: Ball
2-0: Fly out, F8 (Flyball, 8RD, EV 107.5 MPH)
Batting: RHB Sebastian Robinson 0-0: Called Strike
0-1: DOUBLE (Line Drive, 78D, EV 111.2 MPH)
Pinch Runner at 2nd Jaren Barr:
Batting: RHB Levi Jewell 0-0: Swinging Strike
0-1: Ball
1-1: Ball
2-1: Swinging Strike
2-2: Ball
3-2: Base on Balls
Batting: LHB Ronnie Jensen 0-0: Ball
1-0: Ball
2-0: Ball
3-0: Base on Balls
Jaren Barr to third
Levi Jewell to second
Pinch Hitting: LHB Carter Hayes 0-0: DOUBLE (Line Drive, 7LM, EV 105.6 MPH)
Jaren Barr scores
Levi Jewell scores
Ronnie Jensen to third
Batting: LHB Nick Rankin 0-0: Intentional Walk
Batting: SHB Zeke Johnson 0-0: Called Strike
0-1: Called Strike
0-2: Grounds into fielders choice 3-2 (Groundball, 3, EV 85.0 MPH)
Carter Hayes to third
Nick Rankin to second
Batting: LHB Shawn Shope 0-0: Called Strike
0-1: Fly out, F7 (Flyball, 7, EV 91.9 MPH)
Bottom of the 7th over - 2 runs, 2 hits, 0 errors, 3 left on base; Vancouver 2 - Reading 2
TOP OF THE 8TH
Vancouver Mounties batting - Pitching for Reading Railers : RHP Chase Booz
Pitching: LHP Colin Tabor
Now at 2B: Sidney Kitunda
Now in CF: Ronnie Jensen
Now in RF: Carter Hayes
Batting: RHB Nathan Vendel 0-0: Ball
1-0: Foul Ball, location: 2F
1-1: Foul Ball, location: 2F
1-2: Strikes out looking
Pinch Hitting: RHB Greg Tucker 0-0: Called Strike
0-1: Swinging Strike
0-2: Ball
1-2: Foul Ball, location: 2F
1-2: Foul Ball, location: 2F
1-2: Ball
2-2: Ground out 4-3 (Groundball, 4, EV 85.0 MPH)
Batting: SHB Brock Hutchins 0-0: Ball
1-0: Ball
2-0: Called Strike
2-1: Ball
3-1: Foul Ball, location: 2F
3-2: Reached on error, E3 (Groundball, 34, EV 83.8 MPH)
Batting: LHB Otis Tenorio 0-0: Called Strike
Brock Hutchins is caught stealing 2nd base 2-6
Top of the 8th over - 0 runs, 0 hits, 1 error, 0 left on base; Vancouver 2 - Reading 2
BOTTOM OF THE 8TH
Reading Railers batting - Pitching for Vancouver Mounties : RHP John Banks
Now in LF: Sayid Hirota
Batting: RHB Nyles Quinones 0-0: Ground out U3 (Groundball, 34, EV 107.5 MPH)
Batting: RHB Riley Callaghan 0-0: SINGLE (Flyball, 78S, EV 90.6 MPH)
Pitching: RHP Tom McNeely
Batting: SHB Sidney Kitunda 0-0: Called Strike
0-1: Sac Bunt to 23 - play at first, batter OUT! 3-4
Riley Callaghan to second
Batting: RHB Levi Jewell 0-0: Called Strike
0-1: Ball
1-1: Reached on error, E3 (Groundball, 34S, EV 81.9 MPH)
Riley Callaghan to third
Batting: LHB Ronnie Jensen 0-0: Ball
1-0: Called Strike
1-1: Foul Ball, location: 2F
1-2: Strikes out swinging
Bottom of the 8th over - 0 runs, 1 hit, 1 error, 2 left on base; Vancouver 2 - Reading 2
TOP OF THE 9TH
Vancouver Mounties batting - Pitching for Reading Railers : LHP Colin Tabor
Batting: LHB Otis Tenorio 0-0: Swinging Strike
0-1: Foul Ball, location: 2F
0-2: Strikes out swinging
Batting: LHB Joey Carlson 0-0: Foul Ball, location: 2F
0-1: Ball
1-1: Foul Ball, location: 2F
1-2: SINGLE (Groundball, 4M, EV 86.2 MPH) (infield hit)
Batting: RHB Brayan Wilford 0-0: Called Strike
0-1: Foul Ball, location: 2F
0-2: Strikes out looking
Batting: RHB Darion Johnson 0-0: Ball
1-0: Ground out 4-3 (Groundball, 34S, EV 81.2 MPH)
Top of the 9th over - 0 runs, 1 hit, 0 errors, 1 left on base; Vancouver 2 - Reading 2
BOTTOM OF THE 9TH
Reading Railers batting - Pitching for Vancouver Mounties : RHP Tom McNeely
Pitching: RHP Tommy Martin
Batting: LHB Carter Hayes 0-0: Foul Ball, location: 2F
0-1: Ground out 1-4-3 (Groundball, 15S, EV 107.5 MPH)
Batting: LHB Nick Rankin 0-0: Ground out U3 (Groundball, 3, EV 84.4 MPH)
Batting: SHB Zeke Johnson 0-0: Ball
1-0: Ball
2-0: Foul Ball, location: 2F
2-1: Called Strike
2-2: Foul Ball, location: 2F
2-2: Strikes out looking
Bottom of the 9th over - 0 runs, 0 hits, 0 errors, 0 left on base; Vancouver 2 - Reading 2
TOP OF THE 10TH
Vancouver Mounties batting - Pitching for Reading Railers : LHP Colin Tabor
Batting: RHB Adrian Jefferson 0-0: Called Strike
0-1: Ball
1-1: Ball
2-1: SINGLE (Line Drive, 7S, EV 103.8 MPH)
Batting: RHB Kyle Motyka 0-0: Ball
1-0: Called Strike
Adrian Jefferson is caught stealing 2nd base 2-4
1-1: Ball
2-1: Swinging Strike
2-2: Ball
3-2: Foul Ball, location: 2F
3-2: Base on Balls
Pitching: RHP Samuel Herndon
Batting: RHB Nathan Vendel 0-0: Foul Ball, location: 2F
0-1: SINGLE (Line Drive, 7S, EV 105.0 MPH)
Kyle Motyka to second
Pinch Hitting: LHB Roy Nelson 0-0: Ball
1-0: Ball
2-0: Swinging Strike
2-1: Ball
3-1: Grounds into double play, 4-6-3 (Groundball, 4, EV 76.9 MPH)
Top of the 10th over - 0 runs, 2 hits, 0 errors, 1 left on base; Vancouver 2 - Reading 2
BOTTOM OF THE 10TH
Reading Railers batting - Pitching for Vancouver Mounties : RHP Tommy Martin
Now in LF: Roy Lofgren
Batting: LHB Shawn Shope 0-0: Ball
1-0: SINGLE (Flyball, 8RS, EV 96.9 MPH)
Batting: RHB Nyles Quinones 0-0: Grounds into double play, 5-4-3 (Groundball, 56, EV 96.9 MPH)
Batting: RHB Riley Callaghan 0-0: Ball
1-0: Ball
2-0: SINGLE (Line Drive, 7S, EV 110.0 MPH)
Pinch Hitting: RHB Matt Dente 0-0: Ball
1-0: Foul Ball, location: 2F
1-1: Ball
2-1: Ball
3-1: SINGLE (Line Drive, 7LS, EV 108.1 MPH)
Riley Callaghan to second
Batting: RHB Levi Jewell 0-0: Ball
1-0: Called Strike
1-1: SINGLE (Line Drive, 4D, EV 95.0 MPH)
Riley Callaghan to third
Matt Dente to second
Runner from 3rd tries for Home, SAFE, throw by CF to home
Bottom of the 10th over - 1 run, 4 hits, 0 errors, 2 left on base; Vancouver 2 - Reading 3
Friday, May 3rd , 2024 - OOTP Baseball 23.10 Build 110